 Dungeon Crawl Stone Soup version 0.31-a0-675-g238779eb0a (webtiles) character file.

Game seed: 6527451801023794020

4477 LeprechaunX the Mimic (level 10, -8/57 HPs)
             Began as an Octopode Shapeshifter on Sept 5, 2023.
             Was a Follower of Hepliaklqana.
             Mangled by Gastronok (22 damage)
             ... on level 8 of the Dungeon.
             The game lasted 00:08:56 (6612 turns).

LeprechaunX the Mimic (Octopode Shapeshifter)       Turns: 6612, Time: 00:08:57

Health: -8/57      AC:  5    Str: 22    XL:     10   Next: 38%
Magic:  10/10      EV: 26    Int: 12    God:    Hepliaklqana [*.....]
Gold:   326        SH:  0    Dex: 14    Spells: 9/9 levels left

rFire   . .          .
                       - Unarmed
rCold   . . .        (shield currently unavailable)
rNeg    . . .        (helmet restricted)
rPois   .            B - amulet of the acrobat
rElec   .            d - +5 ring of evasion
rCorr   .            w - +4 ring of protection
SInv    .            x - +5 ring of evasion
Will    .....        F - +6 ring of strength
Stlth   ++           (no ring)
HPRegen 0.29/turn    (no ring)
MPRegen 0.12/turn    (no ring)
                     (no ring)

%: acrobat
@: blade tentacles
A: reduced hp, reduced essence, almost no armour, amphibious, 8 rings,
camouflage 1, gelatinous body 1, (nimble swimmer 1), tentacles
a: Begin Untransformation, Renounce Religion, Recall Ancestor, Ancestor Identity


You were on level 8 of the Dungeon.
You worshipped Hepliaklqana.
Hepliaklqana was aware of your devotion.
You had blades for main tentacles.
You visited 2 branches of the dungeon, and saw 9 of its levels.

You collected 326 gold pieces.

Inventory:

Jewellery
 d - a +5 ring of evasion (left blade tentacle)
 w - a +4 ring of protection (right blade tentacle)
 x - a +5 ring of evasion (on tentacle)
 z - an amulet of magic regeneration
 B - an amulet of the acrobat (around mantle)
 F - a +6 ring of strength (on tentacle)
Talismans
 b - a beast talisman
 c - a flux talisman
 u - a blade talisman (active)
Wands
 n - a wand of charming (7)
 A - a wand of acid (14) (quivered)
Scrolls
 g - a scroll of amnesia {unknown}
 h - 10 scrolls of identify {unknown}
 j - 4 scrolls of teleportation {unknown}
 r - a scroll of fear {unknown}
 s - a scroll of blinking {unknown}
 t - 2 scrolls of revelation {unknown}
 y - a scroll of noise {unknown}
 C - a scroll of summoning {unknown}
 D - 2 scrolls of poison {unknown}
 E - a scroll of fog {unknown}
Potions
 a - a potion of lignification
 e - 3 potions of heal wounds {unknown}
 f - 2 potions of brilliance {unknown}
 i - a potion of attraction {unknown}
 k - 2 potions of enlightenment {unknown}
 l - 5 potions of curing {unknown}
 m - a potion of might {unknown}
 o - a potion of invisibility {unknown}
 p - 2 potions of degeneration {unknown}
 q - a potion of mutation {unknown}
 v - 2 potions of resistance {unknown}


   Skills:
 + Level 6.6 Fighting
 + Level 6.9 Dodging
 + Level 7.3 Unarmed Combat
 * Level 9.2 Shapeshifting


You had 9 spell levels left.
You didn't know any spells.
Your spell library was empty.

Dungeon Overview and Level Annotations

Branches:
Dungeon (8/15)             Temple (1/1) D:6
   Lair: D:8-11

Altars:
Ashenzari
Cheibriados
Dithmenos
Elyvilon
Fedhas
Gozag
Hepliaklqana
Kikubaaqudgha
Nemelex Xobeh
Qazlal
Ru
Sif Muna
Trog
Uskayaw
Wu Jian
Xom
Yredelemnul
The Shining One

Shops:
D:2 (

Annotations:
D:8 Gastronok


Innate Abilities, Weirdness & Mutations

You have blades for main tentacles.
Your maximum health is decreased, since you lack skill for your form.
You are incapable of wielding weapons or throwing items.
Your life essence is reduced to manifest your ancestor. (-10% HP)
You cannot wear most types of armour.
You are amphibious.
You can wear up to eight rings at the same time.
Your skin changes colour to match your surroundings (Stealth+).
Your rubbery body absorbs attacks. (AC +1, EV +1)
((You are camouflaged when in or above water. (Stealth+)))
You have tentacles for arms and can constrict up to eight enemies at once.


Message History

Gastronok is nearby!
Gastronok is nearby!
Slash: -) Blade tentacles
Press: ? - help, Dir - move target, f - you
Okay, then.
Unknown command.
Slash: -) Blade tentacles
Press: ? - help, Dir - move target, f - you
Okay, then.
Aiming: Corrosive Bolt
Press: ? - help, Q - select action, (/) - cycle Shift-Dir - straight line, f - Gastronok
Aim: Gastronok, wearing a +0 hat of see invisible (ally target, 100% to hit)
The bolt of acid hits Gastronok!
The acid corrodes Gastronok!
Gastronok is lightly wounded.
Gastronok waves his eye-stalks in wide circles.
The air twists around and strikes you!
Gastronok waves his eye-stalks in wide circles.
The air twists around and strikes you!!
* * * LOW HITPOINT WARNING * * *
You slash Gastronok! You slash Gastronok.
Gastronok is lightly wounded.
Henutmehyt hits Gastronok.
Gastronok bites you.
* * * LOW HITPOINT WARNING * * *
You barely miss Gastronok.
Gastronok is lightly wounded.
Henutmehyt hits Gastronok.
You slash Gastronok!
Gastronok is moderately wounded.
Gastronok is no longer covered in acid.
Henutmehyt hits Gastronok.
You slash Gastronok! You squeeze Gastronok!
Gastronok is heavily wounded.
Henutmehyt hits Gastronok.
Gastronok completely misses you.
You slash Gastronok! Your squeeze misses Gastronok.
Gastronok is heavily wounded.
Henutmehyt hits Gastronok!
You hit Gastronok. You squeeze Gastronok!
Gastronok is severely wounded.
Gastronok bites you!!
You die...
Gastronok gurgles, "About time.
I'm starving!"

#......##....#
#......#....#
#..........#
#.........#
#........#
#........##
#.....#...#
##...####..#######
...### ##......@#
.### ##.....Rw..#
..## #..........#
...# #..>........#
....#
##.........##
....# ##........#
....# ##..=.....#
....# ##......##
....#


You could see the friendly Henutmehyt the ancestor and Gastronok (ally target).

Vanquished Creatures
  A two-headed ogre (D:6)
  Pikel (D:4)
  2 trolls
  Sigmund (D:2)
  A shadow (D:6)
  4 yaks (D:5)
  2 water moccasins
  An ice beast (D:5)
  A sky beast (D:6)
  A black bear (D:4)
  2 centaurs (D:7)
  2 ogres
  3 lemures (D:4)
  3 phantoms
  2 bullfrogs
  4 scorpions
  3 hounds
  2 jellies
  An orc priest (D:3)
  3 sleepcaps
  Natasha (thrice) (D:4)
  3 iguanas
  Robin (D:2)
  10 adders
  4 gnolls (D:6)
  A shadow imp (D:5)
  2 ufetubi
  2 worms
  4 dart slugs
  15 orcs
  7 endoplasms
  2 giant cockroaches
  6 hobgoblins
  2 jackals (D:1)
  3 kobolds
  2 quokkas
  5 ball pythons
  5 bats
  4 frilled lizards
  20 goblins
  5 rats
146 creatures vanquished.

Notes
Turn   | Place    | Note
-------+----------+-------------------------------------------
     0 | D:1      | LeprechaunX the Octopode Shapeshifter began the quest for
                  | the Orb.
     0 | D:1      | Reached XP level 1. HP: 13/13 MP: 1/1
   113 | D:1      | Reached XP level 2. HP: 14/18 MP: 2/2
   433 | D:1      | Reached XP level 3. HP: 20/23 MP: 3/3
   877 | D:2      | Noticed Sigmund
   886 | D:2      | Killed Sigmund
   887 | D:2      | Reached skill level 4 in Shapeshifting
   887 | D:2      | Reached XP level 4. HP: 20/30 MP: 4/4
   887 | D:2      | Reached XP level 5. HP: 23/35 MP: 5/5
   976 | D:2      | Noticed Robin
   987 | D:2      | Killed Robin
   991 | D:2      | Reached XP level 6. HP: 26/41 MP: 6/6
  1067 | D:2      | Found a faded altar of an unknown god.
  1506 | D:2      | Found Qircheom's Antique Weapon Shop.
  1897 | D:3      | Found a glowing golden altar of the Shining One.
  2052 | D:3      | Identified the +2 leather armour of Ennui {-Cast Fly rElec
                  | Will++}
  2589 | D:4      | Reached skill level 5 in Shapeshifting
  2704 | D:4      | Reached XP level 7. HP: 33/46 MP: 7/7
  2915 | D:4      | Noticed Pikel
  2938 | D:4      | Killed Pikel
  2939 | D:4      | Reached skill level 5 in Unarmed Combat
  2939 | D:4      | Reached skill level 6 in Shapeshifting
  2939 | D:4      | Reached XP level 8. HP: 23/54 MP: 8/8
  3216 | D:4      | Identified the +0 robe "Moffiypp" {Harm MP+9 Stlth-}
  3320 | D:4      | Noticed Natasha
  3327 | D:4      | Killed Natasha
  3486 | D:4      | Noticed Natasha
  3491 | D:4      | Killed Natasha
  3539 | D:4      | Noticed Natasha
  3542 | D:4      | Killed Natasha
  3556 | D:5      | Entered Level 5 of the Dungeon
  3701 | D:5      | Reached skill level 5 in Dodging
  3858 | D:5      | Reached skill level 7 in Shapeshifting
  3886 | D:5      | Reached XP level 9. HP: 60/60 MP: 9/9
  3933 | D:5      | Reached skill level 5 in Fighting
  4815 | D:6      | Found a staircase to the Ecumenical Temple.
  4821 | Temple   | Entered the Ecumenical Temple
  4832 | Temple   | Became a worshipper of Hepliaklqana the Forgotten
  4865 | D:6      | Reached skill level 8 in Shapeshifting
  5194 | D:6      | Noticed a two-headed ogre
  5353 | D:6      | Killed a two-headed ogre
  5354 | D:6      | Reached XP level 10. HP: 68/68 MP: 10/10
  5533 | D:6      | Found a shimmering blue altar of Sif Muna.
  5853 | D:7      | Reached skill level 9 in Shapeshifting
  6091 | D:7      | Reached * piety under Hepliaklqana
  6600 | D:8      | Noticed Gastronok
  6612 | D:8      | Mangled by Gastronok

Illustrated notes

Levels and vault maps discovered:
D:1:      evilmike_arrival_home_sweet_home, layout_loops_ring
D:2:      layout_loops_cross, nicolae_ecumenical_lake_church, serial_shops,
          shop, uniq_robin, uniq_sigmund
D:3:      layout_basic, old_standard_altar
D:4:      layout_rooms, chequers_serial_rivers_micro_a, minivault_26,
          uniq_natasha, uniq_pikel
D:5:      minmay_spotlight, layout_basic, chequers_serial_rivers_large_b
D:6:      layout_loops_cross, nicolae_sif_muna_condensation,
          nicolae_overflow_hidden_temple, minmay_temple_entry_statues_pillars,
          hangedman_minor_gate_pass
D:7:      layout_basic, nrook_loot_triangle
D:8:      layout_cave_pods, dk_noncrumbling_2, minmay_microvault, uniq_gastronok
Temple:   lightli_temple_of_artemis

Skill      XL: |  1  2  3  4  5  6  7  8  9 10 |
---------------+-------------------------------+-----
Fighting       | 2 3 4 6 |  6.6
Dodging        | 3 4 5 6 |  6.9
Shapeshifting  | 4 5 6 7 8 9 |  9.2
Unarmed Combat | 4 5 6 7 |  7.3

Action                     |  1- 3 |  4- 6 |  7- 9 | 10-12 || total
---------------------------+-------+-------+-------+-------++-------
  Melee: Unarmed           |    47 |    94 |   182 |    45 ||   368
         Constrict         |    14 |    23 |    34 |     3 ||    74
         Tentacles         |     8 |    21 |    60 |    13 ||   102
         Punch             |     1 |     5 |     8 |     2 ||    16
  Evoke: Wand              |       |       |       |     1 ||     1
    Use: Potion            |     1 |       |       |       ||     1
   Stab: Sleeping          |     4 |     8 |     3 |     5 ||    20
 Armour: Skin              |    18 |    19 |    40 |    13 ||    90
  Dodge: Dodged            |    22 |    58 |   109 |    48 ||   237
   Form: Blade             |       |       |       |     1 ||     1

Table legend: (Time is in decaauts)
 A = Elapsed time spent in this place.
 B = Non-inter-level travel time spent in this place.
 C = Inter-level travel time spent in this place.
 D = Time resting spent in this place.
 E = Time spent auto-exploring this place.
 F = Levels seen in this place.
 G = Mean time per level.
                   A        B        C        D        E       F      G
               +--------+--------+--------+--------+--------+-----+--------+
         Total |   6572 |   6299 |    273 |    399 |   4761 |   9 |  730.2 |
       Dungeon |   6549 |   6276 |    273 |    399 |   4761 |   8 |  818.6 |
        Temple |     22 |     22 |      0 |      0 |      0 |   1 |   22.0 |
               +--------+--------+--------+--------+--------+-----+--------+

Top non-repeatable levels by time:
     D:5: 1250 daAuts
     D:4: 1021 daAuts
     D:6: 979 daAuts
     D:3: 935 daAuts
     D:1: 849 daAuts
     D:2: 733 daAuts
     D:7: 570 daAuts
     D:8: 210 daAuts
  Temple: 22 daAuts
